 Dungeon Crawl Stone Soup version 0.29.1-1-gd02db6906a (webtiles) character file.

Game seed: 15867321963144724755

25 Kold the Trooper (level 2, -2/24 HPs)
             Began as a Demonspawn Monk on Oct 19, 2022.
             Killed from afar by Sigmund (10 damage)
             ... with a puff of flame
             ... on level 2 of the Dungeon.
             The game lasted 00:01:09 (1354 turns).

Kold the Trooper (Demonspawn Monk)                  Turns: 1354, Time: 00:01:09

Health: -2/24      AC:  2    Str: 11    XL:     2   Next: 82%
Magic:  2/2        EV: 13    Int: 11    God:
Gold:   50         SH:  0    Dex: 15    Spells: 1/1 levels left

rFire   . . .      SeeInvis .     - Unarmed
rCold   . . .      Faith    .   (no shield)
rNeg    . . .      Spirit   .   a - +0 robe
rPois   .          Reflect  .   (no helmet)
rElec   .          Harm     .   (no cloak)
rCorr   .          Rampage  .   (no gloves)
Will    .....                   (no boots)
Stlth   ++........              (no amulet)
HPRegen 0.08/turn               (no ring)
MPRegen 0.08/turn               (no ring)

@: attractive
A: claws 1
a: no special abilities


You were on level 2 of the Dungeon.
You visited 1 branch of the dungeon, and saw 2 of its levels.

You collected 50 gold pieces.

Inventory:

Armour
 a - a +0 robe (worn)
Scrolls
 c - a scroll of fog
 d - a scroll of identify
Potions
 b - a potion of ambrosia


   Skills:
 + Level 3.3 Fighting
 + Level 3.0 Dodging
 + Level 2.2 Stealth
 + Level 3.0 Unarmed Combat


You had one spell level left.
You didn't know any spells.
Your spell library was empty.

Dungeon Overview and Level Annotations

Branches:
Dungeon (2/15)

Altars:

Annotations:
D:2 Sigmund


Innate Abilities, Weirdness & Mutations

You have sharp fingernails.


Message History

You see here a scroll labelled EKUCZA ROIDAU.
You scratch the goblin.
You kill the goblin!
Sigmund the Dreaded comes into view.
He is wielding a +0 scythe.
Things that are here:
a +0 club; a goblin corpse The giant cockroach attacks as you move away!
The giant cockroach bites you.
You see here a scroll labelled EKUCZA ROIDAU.
Sorry, you're not good enough to have a special ability.
It was a potion of attraction.
You feel attractive to monsters.
The giant cockroach completely misses you.
The giant cockroach closely misses you. Sigmund is attracted toward you.
As you read the scroll labelled COIPAEMARU, it crumbles to dust.
It is a scroll of identify.
c - a scroll of fog The giant cockroach misses you.
Sigmund misses you.
As you read the scroll labelled MYMOIRRUIMI, it crumbles to dust.
You hear a loud clanging noise!
It was a scroll of noise.
You hear a shout!
You hear a bark!
You hear an angry hiss.
The giant cockroach bites you.
As you read the scroll labelled UCEWEI SORIVVE, it crumbles to dust.
You feel aware of your surroundings.
You sensed 1 altar.
It was a scroll of magic mapping.
The giant cockroach bites you. Sigmund barely misses you.
You scratch the giant cockroach.
The giant cockroach is severely wounded.
The giant cockroach closely misses you.
Sigmund hits you from afar with a +0 scythe!
You scratch the giant cockroach but do no damage.
The giant cockroach is severely wounded.
The giant cockroach bites you but does no damage.
The giant cockroach misses you.
You scratch the giant cockroach.
You kill the giant cockroach!
Sigmund casts a spell at you. The puff of flame hits you!
You die...

**,**#.#*####.##...<..†..
*****,** *#.##...............
*****,,,,,* #.......##.........
,,,,,,***,** *#.#......####......
,****** **,***,*#..............##
,* *,,,,**#......####....# ,*
*,**** ##....## #.##.# ,*
#.#######..#### #.#*.# ,*
#......@).....# #.**.# ,*
#..######@.##.# #.**.# ,**
*,,*****#..#*,#***,**,* ,,*
*,,**,,,.....,,,,*,**,*
,,********,,**,**......,,,,,,,,**
,,,,,,,,,,,,,,,,,.@......,,,,,,,*
,,,,,,,,,,,,,,,,.....#.##,*,,,,,*
*********,,,,,,,,,......,,,,,,,,,
*,,,,,,*,,*,,*,*,,,,,,,,,


You could see Sigmund.

Vanquished Creatures
  An endoplasm (D:1)
  4 giant cockroaches
  4 goblins
  3 hobgoblins (D:1)
  A quokka (D:2)
  2 bats (D:1)
  3 frilled lizards
  A kobold (D:1)
  5 rats
24 creatures vanquished.

Notes
Turn   | Place    | Note
-------+----------+-------------------------------------------
     0 | D:1      | Kold the Demonspawn Monk began the quest for the Orb.
     0 | D:1      | Reached XP level 1. HP: 18/18 MP: 1/1
   427 | D:1      | Gained mutation: You have sharp fingernails. [demonic
                  | ancestry]
   427 | D:1      | Reached XP level 2. HP: 15/24 MP: 2/2
  1346 | D:2      | Noticed Sigmund
  1354 | D:2      | Killed from afar by Sigmund

Illustrated notes

Levels and vault maps discovered:
D:1:      minmay_arrival_checkered_box, layout_basic
D:2:      layout_loops_ring, chequers_ecumenical_altar_island, uniq_sigmund,
          uniq_crazy_yiuf_cottage

Skill      XL: |  1  2 |
---------------+-------+-----
Stealth        | 2 |  2.2
Unarmed Combat | 3 |  3.0
Dodging        | 3 |  3.0
Fighting       | |  3.3

Action                   || total
-------------------------++-------
Melee: Unarmed           ||    79
  Use: Scroll            ||     3
       Potion            ||     1
 Stab: Sleeping          ||     3
Armor: Robe              ||    17
Dodge: Dodged            ||    52
